Map: Temple of the Past

Players

monk

  • Race: Terran Terran
  • Spawn Location: 0:00

Terin

  • Race: Terran Terran
  • Spawn Location: 0:00

VOD

Have the link to the VOD?

Description

There was an error parsing this replay.

Sorry, co-op replays don't parse well right now, but you can still download and watch

Time

  • Played on: Oct. 8, 2017, 11:08 p.m.
  • Length: 26:29
Show
View Real Time Build Order
Export as new Build Order

monk Terran 

Build Orders:  

Get SALT Encoding   

  12  0:06  SCV  
  13  0:23  SCV  
  13  0:25  Supply Depot  
  15  0:40  SCV  
  15  0:58  SCV  
  15  0:59  Factory  
  16  1:15  SCV  
  18  1:32  SCV  
  18  1:35  Devastation Turret  
  18  1:49  SCV  
  19  1:51  Devastation Turret  
  19  2:06  SCV  
  20  2:23  SCV  
  21  2:31  Command Center  
  22  2:40  SCV  
  22  2:46  Refinery  
  22  2:57  SCV  
  22  2:59  SCV  
  24  3:05  Refinery  
  24  3:14  SCV  
  24  3:16  Refinery  
  26  3:22  SCV  
  27  3:32  SCV  
  27  3:34  Refinery  
  27  3:39  SCV  
  28  3:49  SCV  
  29  3:56  SCV  
  30  4:03  Factory Tech Reactor  
  30  4:06  SCV  
  31  4:11  Supply Depot  
  31  4:13  SCV  
  32  4:23  SCV  
  34  4:30  SCV  
  34  4:33  Siege Tank  
  38  4:40  SCV  
  38  4:42  Siege Tank, Supply Depot  
  38  4:47  SCV  
  38  4:48  Maelstrom Rounds  
  42  4:57  SCV  
  43  5:04  SCV  
  44  5:14  SCV  
  44  5:15  Supply Depot  
  46  5:21  SCV  
  46  5:28  Siege Tank  
  50  5:31  SCV  
  50  5:34  Perdition Turret  
  50  5:37  Siege Tank x2  
  50  5:38  SCV  
  51  5:41  Siege Tank  
  51  5:46  Supply Depot  
  51  5:48  SCV  
  55  5:55  SCV  
  55  5:59  Perdition Turret  
  56  6:01  Starport  
  56  6:05  Siege Tank, SCV  
  60  6:21  Siege Tank  
  60  6:26  SCV x2  
  60  6:27  Supply Depot  
  65  6:33  Perdition Turret x2, Spinning Dizzy  
  65  6:38  Perdition Turret x2  
  65  6:43  SCV x2  
  65  6:44  Perdition Turret  
  66  6:55  Perdition Turret  
  67  7:00  SCV  
  67  7:04  Siege Tank x2, SCV  
  67  7:05  Starport Tech Reactor  
  74  7:10  Siege Tank  
  74  7:12  Perdition Turret, Supply Depot  
  74  7:18  Perdition Turret, SCV  
  74  7:19  Perdition Turret  
  75  7:24  SCV  
  76  7:35  SCV  
  76  7:38  Hercules  
  80  7:40  Siege Tank x2, Supply Depot  
  80  7:46  Perdition Turret  
  80  7:47  Siege Tank  
  86  7:57  Perdition Turret  
  86  7:59  Perdition Turret  
  86  8:02  Perdition Turret x2  
  86  8:12  Siege Tank x2  
  86  8:13  SCV  
  86  8:17  Perdition Turret  
  86  8:18  Perdition Turret x2  
  87  8:22  Perdition Turret  
  87  8:24  Perdition Turret  
  87  8:27  Siege Tank x2  
  93  8:38  Supply Depot  
  93  8:40  Armory  
  93  8:43  Engineering Bay  
  54  8:50  SCV  
  94  8:54  Perdition Turret  
  95  9:11  Perdition Turret, SCV  
  95  9:18  Siege Tank x2  
  101  9:28  Perdition Turret  
  101  9:31  Perdition Turret  
  101  9:35  Perdition Turret  
  101  9:37  Perdition Turret  
  101  9:43  Terran Vehicle and Ship Weapons Level 1  
  101  9:44  Upgrade Laser Drill Level 1  
  101  9:45  SCV  
  101  9:47  Perdition Turret x3  
  101  9:48  Perdition Turret, Supply Depot  
  102  9:56  Perdition Turret  
  102  9:57  Perdition Turret  
  102  9:58  Perdition Turret  
  102  10:03  Siege Tank x2  
  102  10:06  SCV x2  
  110  10:19  Hi-Sec Auto Tracking  
  110  10:20  Perdition Turret, Supply Depot  
  110  10:22  Perdition Turret x2  
  110  10:37  Supply Depot, Hercules  
  110  10:38  SCV  
  110  10:39  Siege Tank  
  117  10:52  Siege Tank  
  117  10:55  Perdition Turret x5, Supply Depot  
  117  10:57  Perdition Turret  
  120  11:02  Perdition Turret  
  120  11:03  Perdition Turret  
  120  11:06  Perdition Turret  
  120  11:16  Siege Tank  
  123  11:25  Supply Depot  
  123  11:28  Siege Tank  
  126  11:32  Perdition Turret  
  126  11:33  Perdition Turret  
  126  11:46  Building Armor  
  126  11:49  Perdition Turret x3  
  126  11:50  Perdition Turret  
  126  11:52  Siege Tank, Perdition Turret x2  
  126  11:53  Perdition Turret  
  129  12:04  Siege Tank  
  129  12:07  Perdition Turret x2  
  129  12:08  Perdition Turret x2  
  129  12:09  Perdition Turret x2  
  132  12:10  Perdition Turret x2  
  132  12:18  Perdition Turret  
  132  12:21  Perdition Turret x3  
  132  12:22  Perdition Turret  
  132  12:23  Perdition Turret  
  132  12:24  Perdition Turret x2  
  132  12:25  Perdition Turret  
  132  12:28  Siege Tank, Terran Vehicle and Ship Weapons Level 2  
  135  12:36  Perdition Turret  
  135  12:37  Perdition Turret x3  
  135  12:39  Perdition Turret x2  
  135  12:40  Siege Tank  
  135  12:41  Perdition Turret  
  135  12:45  Perdition Turret  
  140  12:50  SCV x2  
  140  13:06  Upgrade Laser Drill Level 2  
  140  13:07  Supply Depot  
  140  13:09  Supply Depot  
  140  13:15  Perdition Turret  
  140  13:16  Perdition Turret  
  140  13:22  Perdition Turret  
  140  13:23  Perdition Turret  
  140  13:24  Perdition Turret  
  140  13:27  Perdition Turret  
  140  13:28  Siege Tank x2  
  146  13:32  Perdition Turret  
  146  13:34  Spinning Dizzy  
  146  13:47  Perdition Turret x2  
  146  13:48  Perdition Turret  
  146  13:50  Perdition Turret  
  146  13:59  Perdition Turret  
  146  14:00  Spinning Dizzy  
  146  14:02  Perdition Turret  
  146  14:03  Spinning Dizzy  
  146  14:04  Siege Tank x2, Perdition Turret  
  146  14:07  Siege Tank  
  152  14:13  Supply Depot  
  152  14:15  Supply Depot  
  152  14:40  Siege Tank x2  
  158  14:53  Perdition Turret  
  158  14:55  Perdition Turret  
  158  14:56  Perdition Turret  
  158  15:15  Siege Tank  
  158  15:16  Siege Tank x3  
  164  15:27  Perdition Turret  
  164  15:28  Siege Tank, Perdition Turret  
  161  15:52  Siege Tank x2, Perdition Turret  
  161  15:55  Perdition Turret x2  
  170  16:11  Perdition Turret  
  170  16:17  Perdition Turret  
  167  16:27  Perdition Turret  
  167  16:30  Perdition Turret  
  167  16:39  Perdition Turret x2  
  167  16:42  Perdition Turret x2  
  167  16:44  Perdition Turret  
  167  16:45  Perdition Turret  
  167  16:48  Perdition Turret  
  167  16:49  Perdition Turret  
  167  16:50  Perdition Turret  
  167  16:57  Perdition Turret x7  
  167  16:58  Perdition Turret  
  167  17:06  Siege Tank  
  167  17:25  Terran Vehicle and Ship Weapons Level 3  
  167  17:28  Siege Tank x2  
  173  17:44  Perdition Turret x2  
  173  17:56  Perdition Turret  
  173  18:08  Siege Tank x2  
  173  18:09  Siege Tank x2  
  173  18:17  Perdition Turret x2  
  173  18:18  SCV  
  173  18:20  SCV  
  173  18:21  Siege Tank  
  173  18:23  Siege Tank  
  173  18:25  Perdition Turret  
  173  18:26  Perdition Turret  
  165  18:33  Perdition Turret  
  165  18:35  Perdition Turret  
  165  18:38  Perdition Turret  
  168  18:41  Perdition Turret  
  168  18:43  Perdition Turret x2, SCV  
  168  18:44  Perdition Turret, Supply Depot, SCV  
  168  18:45  KMC Auto-Loaders  
  168  18:47  Perdition Turret  
  169  18:51  Perdition Turret  
  169  18:52  Perdition Turret  
  169  18:53  Siege Tank x2, Perdition Turret x2  
  166  19:00  SCV  
  166  19:01  SCV  
  166  19:06  Spinning Dizzy  
  166  19:07  Perdition Turret x2  
  166  19:17  Supply Depot, SCV x2  
  168  19:24  Siege Tank x3  
  174  19:34  SCV x2  
  178  19:51  SCV x2  
  178  20:00  Siege Tank  
  178  20:01  Perdition Turret x2  
  178  20:02  Perdition Turret x2  
  178  20:06  Perdition Turret x2  
  178  20:07  Perdition Turret x2  
  178  20:08  SCV x2  
  179  20:10  Perdition Turret  
  179  20:11  Perdition Turret  
  179  20:13  Siege Tank  
  179  20:15  Siege Tank x2  
  179  20:17  Perdition Turret, Spinning Dizzy  
  179  20:18  Perdition Turret x3  
  179  20:19  Perdition Turret x2, Spinning Dizzy x2  
  183  20:20  Perdition Turret x2  
  183  20:21  Perdition Turret x2  
  183  20:25  Perdition Turret, SCV x2  
  183  20:26  Perdition Turret  
  183  20:27  Perdition Turret, Spinning Dizzy  
  186  20:42  Perdition Turret, SCV x2  
  186  20:44  Perdition Turret  
  186  20:45  Perdition Turret  
  186  20:50  Siege Tank  
  186  20:51  Siege Tank, Perdition Turret x2  
  186  20:52  Perdition Turret  
  186  20:55  Perdition Turret, Spinning Dizzy x2  
  186  20:56  Siege Tank, Perdition Turret  
  186  20:59  Perdition Turret, SCV  
  190  21:00  Supply Depot  
  190  21:02  Armory, Supply Depot  
  190  21:06  Perdition Turret  
  190  21:08  Perdition Turret  
  189  21:12  Siege Tank, SCV  
  189  21:16  SCV  
  190  21:22  Perdition Turret  
  190  21:24  Perdition Turret  
  190  21:27  Siege Tank  
  190  21:28  SCV  
  197  21:33  SCV  
  197  21:35  Perdition Turret, Spinning Dizzy  
  197  21:38  Perdition Turret, Regenerative Bio-Steel  
  195  21:40  Perdition Turret  
  195  21:45  SCV  
  195  21:46  Siege Tank x2  
  195  21:48  Siege Tank  
  184  21:53  Perdition Turret  
  184  21:54  SCV  
  184  21:55  Perdition Turret  
  184  21:59  Siege Tank  
  185  22:00  Perdition Turret  
  185  22:01  Spinning Dizzy  
  185  22:02  Perdition Turret  
  185  22:05  Spinning Dizzy  
  185  22:08  Spinning Dizzy  
  185  22:09  Perdition Turret  
  185  22:10  Perdition Turret  
  185  22:13  Perdition Turret x2  
  185  22:17  Perdition Turret  
  185  22:18  Perdition Turret  
  191  22:20  SCV  
  191  22:25  Perdition Turret  
  194  22:30  Siege Tank  
  194  22:32  Perdition Turret  
  194  22:35  Perdition Turret x3  
  194  22:36  Perdition Turret  
  194  22:37  Perdition Turret x2  
  194  22:39  Perdition Turret x4  
  186  22:40  Siege Tank, Perdition Turret x2  
  186  22:41  Siege Tank x4  
  186  22:43  Perdition Turret x2  
  186  22:44  Perdition Turret, Spinning Dizzy  
  186  22:45  Perdition Turret  
  186  22:47  Perdition Turret  
  180  22:50  Perdition Turret x2  
  180  22:52  Perdition Turret  
  180  22:53  Perdition Turret x4  
  180  22:56  Siege Tank x2  
  180  22:58  Perdition Turret x2  
  179  23:05  Perdition Turret  
  179  23:08  Perdition Turret  
  179  23:12  Perdition Turret  
  179  23:25  Siege Tank x2  
  185  23:30  Siege Tank x2  
  185  23:38  Perdition Turret x4  
  185  23:42  Perdition Turret x4  
  185  23:43  Perdition Turret  
  185  23:44  Perdition Turret  
  185  23:48  Perdition Turret x2  
  185  24:10  SCV x2  
  185  24:14  Siege Tank x2  
  185  24:27  SCV  
  186  24:36  Perdition Turret  
  186  24:45  Perdition Turret x4  
  186  24:46  Perdition Turret x2  
  186  24:47  Perdition Turret x2  
  186  24:49  Perdition Turret  
  190  24:50  Perdition Turret  
  190  24:51  Perdition Turret x3  
  190  24:54  Perdition Turret  
  190  24:56  Perdition Turret  
  190  24:57  Siege Tank, Perdition Turret  
  190  24:58  Perdition Turret  
  190  24:59  Perdition Turret  
  193  25:05  Perdition Turret  
  193  25:16  Perdition Turret  
  193  25:22  Perdition Turret  
  193  25:23  Siege Tank, Perdition Turret  
  193  25:26  Perdition Turret  
  193  25:27  Perdition Turret  
  193  25:29  Perdition Turret  
  196  25:32  Perdition Turret  
  196  25:34  Perdition Turret  
  196  25:37  Perdition Turret  
  196  25:39  Perdition Turret  
  196  25:40  Perdition Turret  
  196  25:41  Perdition Turret, Spinning Dizzy  
  196  25:44  Perdition Turret  
  196  25:48  Perdition Turret x2  
  199  25:52  Perdition Turret  
  199  25:56  Perdition Turret  
  199  26:04  Perdition Turret  
  199  26:05  Perdition Turret  
  199  26:10  Perdition Turret  
  199  26:17  Perdition Turret  
Show
View Real Time Build Order
Export as new Build Order

Terin Terran 

Build Orders:  

Get SALT Encoding   

Tags
 
Add a new tag
Caveats
  • Supply blocks, unpowered buildings, or Contaminate may cause inaccurate times.
  • Supply counts are checked every 10 seconds.